 Dungeon Crawl Stone Soup version 0.27-a0-419-g7a85846853 (webtiles) character file.

Game seed: 10518457996046660839

9 Chiseanne the Skirmisher (level 2, 20/25 HPs)
             Began as a Demonspawn Wanderer on Feb 26, 2021.
             Quit the game on level 1 of the Dungeon.
             The game lasted 00:00:53 (749 turns).

Chiseanne the Skirmisher (Demonspawn Wanderer)       Turns: 749, Time: 00:00:54

Health: 20/25      AC:  6    Str: 10    XL:     2   Next: 6%
Magic:  1/3        EV: 10    Int: 16    God:
Gold:   54         SH:  0    Dex: 11    Spells: 2/2 levels left

rFire    . . .     SeeInvis .   h - +0 hand axe
rCold    . . .     Faith    .   (no shield)
rNeg     . . .     Spirit   +   o - +0 ring mail
rPois    .         Reflect  .   l - +0 helmet
rElec    .         Harm     .   (no cloak)
rCorr    .         Rampage  .   (no gloves)
Will     .....                  (no boots)
Stlth    +.........             g - amulet of guardian spirit
HPRegen  0.08/turn              (no ring)
MPRegen  0.08/turn              (no ring)

@: no status effects
A: talons 1
a: no special abilities


You were on level 1 of the Dungeon.
You visited 1 branch of the dungeon, and saw 1 of its levels.

You collected 54 gold pieces.

Inventory:

Hand Weapons
 a - a +0 dagger
 h - a +0 hand axe (weapon)
Missiles
 j - 30 stones (quivered)
 k - 15 bolts
 m - 20 arrows
Armour
 e - a +0 robe
 l - a +0 helmet (worn)
 o - a +0 ring mail (worn)
Jewellery
 g - an amulet of guardian spirit (around neck)
Scrolls
 d - 2 scrolls of teleportation
 f - a scroll of blinking
 i - a scroll of identify {unknown}
 n - a scroll of random uselessness {unknown}
Potions
 b - a potion of haste
 c - a potion of lignification


   Skills:
 * Level 4.1 Fighting
 * Level 2.1 Dodging
 - Level 1.7 Stealth
 - Level 1.0 Unarmed Combat
 * Level 0.7 Spellcasting
 - Level 1.0 Evocations


You had 2 spell levels left.
You didn't know any spells.
Your spell library was empty.

Dungeon Overview and Level Annotations

Branches:
Dungeon (1/15)

Altars:


Innate Abilities, Weirdness & Mutations

You have sharp toenails.


Message History

The ball python closely misses you. The ball python constricts you.
You closely miss the ball python.
The ball python is severely wounded.
The ball python bites you but does no damage.
The ball python constricts you.
The ball python bites you but does no damage.
The ball python constricts you.
You slash the ball python!
You kill the ball python!
No target in view!
No target in view!
No target in view!
No target in view!
No target in view!
No target in view!
You now have 54 gold pieces (gained 16). 2 goblins and a hobgoblin come into view.
The hobgoblin shouts!
The goblin shouts! x2
The goblin moves out of view.
Found a whip.
A rat comes into view.
Found 27 sling bullets.
You closely miss the goblin. The goblin barely misses you.
Your ring mail prevents you from hitting the goblin.
The goblin hits you. The rat bites you.
You hit the rat.
The rat is severely wounded.
You closely miss the goblin. You hit the hobgoblin. The goblin hits you.
The rat closely misses you. The hobgoblin closely misses you.
The goblin barely misses you.
You hit the rat.
You kill the rat!
You barely miss the goblin. You hit the hobgoblin.
You kill the hobgoblin!
You closely miss the goblin. The goblin hits you.
The goblin hits you but does no damage. The goblin closely misses you.
You have reached level 2!
Your demonic ancestry asserts itself...
Your toenails lengthen and sharpen.
Are you sure you want to abandon this character and quit the game? (Confirm with "yes".)

.# .# .## # ####..##.
######### ##.......
##.......####..#.#.##
...##......##....g..#
..#
##.#.......##.##@##....
... ..............#(g)#
# #.#
##.#.......##.##.## ...
##.##......##.#... #.#
.........####.#### #.#
########## #.. ##.## #
#.# #...# # #..
#...#### # ... #.......


You could see 2 goblins.

Vanquished Creatures
  A leopard gecko (D:1)
  A ball python (D:1)
  A bat (D:1)
  3 hobgoblins (D:1)
  A rat (D:1)
7 creatures vanquished.

Notes
Turn   | Place    | Note
-------+----------+-------------------------------------------
     0 | D:1      | Chiseanne the Demonspawn Wanderer began the quest for the
                  | Orb.
     0 | D:1      | Chiseanne set off with the following items: a +0 dagger, a
                  | potion of haste, a potion of lignification, a scroll of
                  | teleportation, a +0 robe, a scroll of blinking
     0 | D:1      | Reached XP level 1. HP: 19/19 MP: 1/1
   749 | D:1      | Gained mutation: You have sharp toenails. [demonic
                  | ancestry]
   749 | D:1      | Reached XP level 2. HP: 20/25 MP: 1/3
   749 | D:1      | Quit the game

Illustrated notes

Levels and vault maps discovered:
D:1:      evilmike_arrival_plus, layout_loops_cross, minmay_split_cup_small

Skill      XL: |  1 |
---------------+----+-----
Dodging        | 2 |  2.1
Fighting       | |  4.1
Stealth        | |  1.7
Unarmed Combat | |  1.0
Spellcasting   | |  0.7
Evocations     | |  1.0

Action                   || total
-------------------------++-------
Melee: Hand axe          ||    30
       Dagger            ||     8
Armor: Ring mail         ||    10
       Robe              ||     6
Dodge: Dodged            ||    39

Table legend: (Time is in decaauts)
 A = Elapsed time spent in this place.
 B = Non-inter-level travel time spent in this place.
 C = Inter-level travel time spent in this place.
 D = Time resting spent in this place.
 E = Time spent auto-exploring this place.
 F = Levels seen in this place.
 G = Mean time per level.
                   A        B        C        D        E       F      G
               +--------+--------+--------+--------+--------+-----+--------+
         Total |    757 |    757 |      0 |    211 |    428 |   1 |  757.0 |
       Dungeon |    757 |    757 |      0 |    211 |    428 |   1 |  757.0 |
               +--------+--------+--------+--------+--------+-----+--------+

Top non-repeatable levels by time:
     D:1: 757 daAuts
